 Dungeon Crawl Stone Soup version 0.28-a0-1510-gd0f6b136d3 (webtiles) character file.

Game seed: 14585011889649272412

64 hashsling the Magician (level 3, -2/19 HPs)
             Began as a Deep Elf Hedge Wizard on Jan 15, 2022.
             Killed from afar by an orc wizard (7 damage)
             ... with a magic dart
             ... on level 2 of the Dungeon.
             The game lasted 00:07:25 (2711 turns).

hashsling the Magician (Deep Elf Hedge Wizard)      Turns: 2711, Time: 00:07:26

Health: -2/19      AC:  2    Str:  7    XL:     3   Next: 91%
Magic:  7/12       EV: 13    Int: 20    God:
Gold:   84         SH:  0    Dex: 14    Spells: 7/13 levels left

rFire   . . .      SeeInvis .   i - +0 short sword
rCold   . . .      Faith    .   (no shield)
rNeg    . . .      Spirit   .   b - +0 robe
rPois   .          Reflect  .   c - +0 hat
rElec   .          Harm     .   (no cloak)
rCorr   .          Rampage  .   (no gloves)
Will    .....                   (no boots)
Stlth   ++........              (no amulet)
HPRegen 0.06/turn               (no ring)
MPRegen 0.13/turn               (no ring)

@: no status effects
A: no striking features
a: no special abilities


You were on level 2 of the Dungeon.
You visited 1 branch of the dungeon, and saw 2 of its levels.

You collected 84 gold pieces.

Inventory:

Hand Weapons
 i - a +0 short sword (weapon)
Armour
 b - a +0 robe (worn)
 c - a +0 hat (worn)
Magical Staves
 j - a staff of earth
Scrolls
 d - a scroll of teleportation {unknown}
 e - a scroll of amnesia {unknown}
 h - 2 scrolls of identify {unknown}
Potions
 a - a potion of haste {unknown}
 f - a potion of heal wounds {unknown}
 g - a potion of degeneration {unknown}


   Skills:
 + Level 3.1 Dodging
 - Level 2.4 Stealth
 * Level 5.5 Spellcasting
 + Level 2.0 Conjurations
 + Level 0.2 Hexes
 - Level 1.1 Summonings
 + Level 2.0 Translocations


You had 7 spell levels left.
You knew the following spells:

 Your Spells              Type           Power      Damage    Failure   Level
a - Magic Dart            Conj           52%        1d5       4%          1
b - Blink                 Tloc           26%        N/A       8%          2
c - Slow                  Hex            24%        N/A       11%         1
d - Static Discharge      Conj/Air       9%         N/A       11%         2

Your spell library contained the following spells:

 Spells                   Type           Power      Damage    Failure   Level
 Beastly Appendage        Tmut           10%        N/A       11%         1
 Call Imp                 Summ           9%         N/A       11%         2
 Wereblood                Tmut           5%         N/A       17%         2
 Conjure Flame            Conj/Fire      9%         6-21      22%         3
 Mephitic Cloud           Conj/Pois/Air  8%         N/A       26%         3
 Spider Form              Tmut/Pois      5%         N/A       32%         3
 Sticky Flame             Conj/Fire      9%         2d3       58%         4
 Dispel Undead            Necr           5%         3d7       73%         4


Dungeon Overview and Level Annotations

Branches:
Dungeon (2/15)

Altars:


Message History

Casting: Magic Dart (safe; 4% risk of failure)
Confirm with . or Enter, or press ? or * to list all spells.
Aiming: Magic Dart (safe; 4% risk of failure)
Press: ? - help, Shift-Dir - straight line, f/p - orc
Aim: an orc, wielding a +0 trident and wearing a +0 leather armour (severely wounded, 100% to hit)
The magic dart hits the orc.
You kill the orc!
The orc wizard casts a spell.
The orc wizard flickers and vanishes!
Deactivating autopickup; reactivate with Ctrl-A.
Your magical contamination has completely faded away.
A magic dart appears from out of thin air!
The magic dart hits you!
Something tries to affect you, but you resist.
There is a stone staircase leading up here.
The magic dart hits the orc wizard but does no damage.
The orc wizard points at you and mumbles some strange words.
The puff of flame hits you!
* * * LOW HITPOINT WARNING * * *
You are too injured to fight recklessly!
Aiming: Magic Dart (safe; 4% risk of failure)
Press: ? - help, Q - select action, (/) - cycle Shift-Dir - straight line, f/p - orc wizard
Aim: an orc wizard, wielding a +0 dagger and wearing a +0 robe (100% to hit)
The magic dart hits the orc wizard but does no damage.
Aiming: Magic Dart (safe; 4% risk of failure)
Press: ? - help, Q - select action, (/) - cycle Shift-Dir - straight line, f/p - orc wizard
Aim: an orc wizard, wielding a +0 dagger and wearing a +0 robe (100% to hit)
The magic dart hits the orc wizard.
The orc wizard is moderately wounded.
Aiming: Magic Dart (safe; 4% risk of failure)
Press: ? - help, Q - select action, (/) - cycle Shift-Dir - straight line, f/p - orc wizard
Aim: an orc wizard, wielding a +0 dagger and wearing a +0 robe (moderately wounded, 100% to hit)
The magic dart hits the orc wizard.
The orc wizard is moderately wounded.
The orc wizard casts a spell.
The orc wizard flickers and vanishes!
You see here a +0 dagger.
A magic dart appears from out of thin air!
The magic dart hits you!
You die...

#.........##............
#.........######........
#....†...[# ####.....
#.........##### ##....
#######.......# #....
#.......######....
#...............##
#..##+##..#####.##
#@##...##.# #.##
#.#..#..#.# #...
##.#.#(#.#.## ###.
#..'..#..'..####.#.
#.)#.#.#.#..##...#.
#..#..#..#..##.#.#.
#.{##...##..##.#..<
#...##'##......#...
#.#............##..


There were no monsters in sight!

Vanquished Creatures
  2 adders (D:2)
  A worm (D:2)
  An orc (D:2)
  6 endoplasms
  4 hobgoblins (D:2)
  5 jackals (D:1)
  7 kobolds
  A quokka (D:2)
  4 ball pythons (D:2)
  3 bats
  2 frilled lizards
  3 goblins
  2 rats (D:2)
41 creatures vanquished.

Notes
Turn   | Place    | Note
-------+----------+-------------------------------------------
     0 | D:1      | hashsling the Deep Elf Hedge Wizard began the quest for the
                  | Orb.
     0 | D:1      | Reached XP level 1. HP: 10/10 MP: 7/7
   506 | D:1      | Reached XP level 2. HP: 9/15 MP: 1/9
  1230 | D:2      | Reached skill level 5 in Spellcasting
  1357 | D:2      | Reached XP level 3. HP: 19/19 MP: 8/11
  1943 | D:2      | Found a faded altar of an unknown god.
  2288 | D:2      | Learned a level 2 spell: Blink
  2290 | D:2      | Learned a level 1 spell: Slow
  2293 | D:2      | Learned a level 2 spell: Static Discharge
  2711 | D:2      | Killed from afar by an orc wizard

Illustrated notes

Levels and vault maps discovered:
D:1:      lemuel_arrival_tunnels, layout_basic
D:2:      layout_basic, nicolae_ecumenical_snake_handling, minmay_box_of_dots

Skill      XL: |  1  2  3 |
---------------+----------+-----
Spellcasting   | 5 |  5.5
Dodging        | 3 |  3.1
Conjurations   | 2 |  2.0
Translocations | 2 |  2.0
Stealth        | |  2.4
Hexes          | |  0.2
Summonings     | |  1.1

Action                   || total
-------------------------++-------
Melee: Dagger            ||    10
       Short sword       ||     1
 Cast: Magic Dart        ||   120
       Blink             ||     1
Armor: Robe              ||     5
Dodge: Dodged            ||    30

Table legend: (Time is in decaauts)
 A = Elapsed time spent in this place.
 B = Non-inter-level travel time spent in this place.
 C = Inter-level travel time spent in this place.
 D = Time resting spent in this place.
 E = Time spent auto-exploring this place.
 F = Levels seen in this place.
 G = Mean time per level.
                   A        B        C        D        E       F      G
               +--------+--------+--------+--------+--------+-----+--------+
         Total |   2711 |   2708 |      3 |      0 |   2146 |   2 | 1355.5 |
       Dungeon |   2711 |   2708 |      3 |      0 |   2146 |   2 | 1355.5 |
               +--------+--------+--------+--------+--------+-----+--------+

Top non-repeatable levels by time:
     D:1: 1362 daAuts
     D:2: 1348 daAuts
